SL
ATHLETIC CLUB KC @ CHICAGO HAWKS
09/04/2021
 
TOP OF THE 1ST
Athletic Club KC batting - Pitching for Chicago Hawks : RHP Benny York
Pitching: RHP Benny York
Batting: RHB Jorge Trevino 0-0: Swinging Strike
0-1: Ball
1-1: Ball
2-1: Foul Ball, location: 2F
2-2: Ball
3-2: Base on Balls
Batting: SHB David Henderson 0-0: Ball
1-0: SINGLE (Line Drive, 9S)
Jorge Trevino to second
Runner from 2nd tries for 3rd, SAFE, no throw or cutoff
Batting: LHB Emílio Sáenz 0-0: Ball
1-0: Fly out, F7 (Flyball, 8LXD)
Runner from 3rd tags up, SCORES, no throw
Batting: RHB José Rodríguez 0-0: Ball
1-0: Foul Ball, location: 2F
1-1: Ball
2-1: Swinging Strike
2-2: Strikes out swinging
Batting: LHB Bob Davis 0-0: Called Strike
0-1: Ball
1-1: Ball
2-1: Ball
3-1: Foul Ball, location: 2F
3-2: Foul Ball, location: 2F
3-2: SINGLE (Flyball, 89S)
David Henderson to second
David Henderson to third
Batting: RHB Ramón Souza 0-0: Ball
1-0: Fly out, F4 (Popup, 4M)
Top of the 1st over - 1 run(s), 2 hit(s), 0 error(s), 2 left on base; Athletic Club KC 1 - Chicago 0
BOTTOM OF THE 1ST
Chicago Hawks batting - Pitching for Athletic Club KC : RHP Billy Crawford
Pitching: RHP Billy Crawford
Batting: RHB Pedro Longoria 0-0: Called Strike
0-1: Ball
1-1: Ball
2-1: DOUBLE (Line Drive, 89M)
Batting: RHB José Lozano 0-0: Ball
1-0: Ball
2-0: Fly out, F8 (Flyball, 8RM)
Batting: LHB Mal Wadley 0-0: Ball
1-0: Called Strike
1-1: Swinging Strike
1-2: Strikes out swinging
Batting: RHB Ramón Gómez 0-0: Ground out 4-3 (Groundball, 4)
Bottom of the 1st over - 0 run(s), 1 hit(s), 0 error(s), 1 left on base; Athletic Club KC 1 - Chicago 0
TOP OF THE 2ND
Athletic Club KC batting - Pitching for Chicago Hawks : RHP Benny York
Batting: RHB Rick Atkinson 0-0: Foul Ball, location: 2F
0-1: Swinging Strike
0-2: Ball
1-2: Ball
2-2: Ball
3-2: Strikes out swinging
Batting: LHB Lawrence Washington 0-0: Foul Ball, location: 2F
0-1: Ball
1-1: Ball
2-1: Fly out, F8 (Line Drive, 8RM)
Batting: RHB Bill Dennis 0-0: Foul Ball, location: 2F
0-1: Called Strike
0-2: Strikes out swinging
Top of the 2nd over - 0 run(s), 0 hit(s), 0 error(s), 0 left on base; Athletic Club KC 1 - Chicago 0
BOTTOM OF THE 2ND
Chicago Hawks batting - Pitching for Athletic Club KC : RHP Billy Crawford
Batting: LHB Carl Gore 0-0: Ball
1-0: SINGLE (Groundball, 3D)
Batting: LHB Bill Griffin 0-0: Swinging Strike
0-1: Foul Ball, location: 2F
0-2: Ball
1-2: SINGLE (Groundball, 34D)
Carl Gore to second
Runner from 2nd tries for 3rd, SAFE, no throw or cutoff
Batting: RHB Ed Whitaker 0-0: Ball
1-0: Fly out, F9 (Flyball, 89S)
Batting: RHB Mitch Jensen 0-0: Ball
1-0: Foul Ball, location: 2F
1-1: Grounds into double play, 6-4-3 (Groundball, 6M)
Bottom of the 2nd over - 0 run(s), 2 hit(s), 0 error(s), 1 left on base; Athletic Club KC 1 - Chicago 0
TOP OF THE 3RD
Athletic Club KC batting - Pitching for Chicago Hawks : RHP Benny York
Batting: RHB Jorge Trevino 0-0: Called Strike
0-1: Ground out 1-3 (Groundball, 25)
Batting: SHB David Henderson 0-0: Ball
1-0: Called Strike
1-1: Foul Ball, location: 2F
1-2: DOUBLE (Flyball, 89XD)
Batting: LHB Emílio Sáenz 0-0: Ball
1-0: Foul Ball, location: 2F
1-1: Foul Ball, location: 2F
1-2: Strikes out swinging
Batting: RHB José Rodríguez 0-0: 2-RUN HOME RUN (Flyball, 7LD), Distance : 338 ft
Batting: LHB Bob Davis 0-0: Foul Ball, location: 2F
0-1: Ball
1-1: Swinging Strike
1-2: Ball
2-2: Strikes out swinging
Top of the 3rd over - 2 run(s), 2 hit(s), 0 error(s), 0 left on base; Athletic Club KC 3 - Chicago 0
BOTTOM OF THE 3RD
Chicago Hawks batting - Pitching for Athletic Club KC : RHP Billy Crawford
Batting: RHB José Ramos 0-0: Called Strike
0-1: Ground out 4-3 (Groundball, 4)
Batting: RHB Pedro Longoria 0-0: Ball
1-0: Called Strike
1-1: Swinging Strike
1-2: Strikes out swinging
Batting: RHB José Lozano 0-0: Ball
1-0: Swinging Strike
1-1: Ball
2-1: Fly out, F9 (Flyball, 9M)
Bottom of the 3rd over - 0 run(s), 0 hit(s), 0 error(s), 0 left on base; Athletic Club KC 3 - Chicago 0
TOP OF THE 4TH
Athletic Club KC batting - Pitching for Chicago Hawks : RHP Benny York
Batting: RHB Ramón Souza 0-0: Ball
1-0: Ball
2-0: Ball
3-0: Called Strike
3-1: Base on Balls
Batting: RHB Rick Atkinson 0-0: Ball
1-0: Foul Ball, location: 2F
1-1: Ground out 5-3 (Groundball, 5S)
Ramón Souza to second
Batting: LHB Lawrence Washington 0-0: Ball
1-0: Swinging Strike
1-1: Foul Ball, location: 2F
1-2: Ball
2-2: Foul Ball, location: 2F
2-2: Ball
3-2: Foul Ball, location: 2F
3-2: Strikes out swinging
Batting: RHB Bill Dennis 0-0: Ball
1-0: Ball
2-0: Called Strike
2-1: Ground out 4-3 (Groundball, 4M)
Top of the 4th over - 0 run(s), 0 hit(s), 0 error(s), 1 left on base; Athletic Club KC 3 - Chicago 0
BOTTOM OF THE 4TH
Chicago Hawks batting - Pitching for Athletic Club KC : RHP Billy Crawford
Batting: LHB Mal Wadley 0-0: Ball
1-0: Ground out 4-3 (Groundball, 4)
Batting: RHB Ramón Gómez 0-0: Called Strike
0-1: Ball
1-1: Foul Ball, location: 2F
1-2: Foul Ball, location: 2F
1-2: Strikes out swinging
Batting: LHB Carl Gore 0-0: Ball
1-0: SOLO HOME RUN (Flyball, 8RXD), Distance : 438 ft
Batting: LHB Bill Griffin 0-0: Ball
1-0: Called Strike
1-1: Called Strike
1-2: Ball
2-2: Strikes out swinging
Bottom of the 4th over - 1 run(s), 1 hit(s), 0 error(s), 0 left on base; Athletic Club KC 3 - Chicago 1
TOP OF THE 5TH
Athletic Club KC batting - Pitching for Chicago Hawks : RHP Benny York
Batting: RHB Jorge Trevino 0-0: Ground out 5-3 (Groundball, 5S)
Batting: SHB David Henderson 0-0: Ball
1-0: Ball
2-0: Fly out, F9 (Line Drive, 9M)
Batting: LHB Emílio Sáenz 0-0: Ball
1-0: Swinging Strike
1-1: Ground out 4-3 (Groundball, 4)
Top of the 5th over - 0 run(s), 0 hit(s), 0 error(s), 0 left on base; Athletic Club KC 3 - Chicago 1
BOTTOM OF THE 5TH
Chicago Hawks batting - Pitching for Athletic Club KC : RHP Billy Crawford
Batting: RHB Ed Whitaker 0-0: Swinging Strike
0-1: Foul Ball, location: 2F
0-2: Ball
1-2: Strikes out swinging
Batting: RHB Mitch Jensen 0-0: Ball
1-0: Ball
2-0: Called Strike
2-1: Foul Ball, location: 2F
2-2: Foul Ball, location: 2F
2-2: Foul Ball, location: 2F
2-2: Strikes out looking
Batting: RHB José Ramos 0-0: Called Strike
0-1: Ball
1-1: Foul Ball, location: 2F
1-2: Ground out 6-3 (Groundball, 6)
Bottom of the 5th over - 0 run(s), 0 hit(s), 0 error(s), 0 left on base; Athletic Club KC 3 - Chicago 1
TOP OF THE 6TH
Athletic Club KC batting - Pitching for Chicago Hawks : RHP Benny York
Batting: RHB José Rodríguez 0-0: Called Strike
0-1: Fly out, F8 (Flyball, 8LD)
Batting: LHB Bob Davis 0-0: Ball
1-0: Fly out, F7 (Flyball, 7D)
Batting: RHB Ramón Souza 0-0: Ball
1-0: Swinging Strike
1-1: Swinging Strike
1-2: Fly out, F8 (Flyball, 8RD)
Top of the 6th over - 0 run(s), 0 hit(s), 0 error(s), 0 left on base; Athletic Club KC 3 - Chicago 1
BOTTOM OF THE 6TH
Chicago Hawks batting - Pitching for Athletic Club KC : RHP Billy Crawford
Batting: RHB Pedro Longoria 0-0: Ball
1-0: Ball
2-0: Ground out 4-3 (Groundball, 34)
Batting: RHB José Lozano 0-0: Ball
1-0: Foul Ball, location: 2F
1-1: Ground out 3-1 (Groundball, 23)
Batting: LHB Mal Wadley 0-0: Called Strike
0-1: Ground out 4-3 (Groundball, 4M)
Bottom of the 6th over - 0 run(s), 0 hit(s), 0 error(s), 0 left on base; Athletic Club KC 3 - Chicago 1
TOP OF THE 7TH
Athletic Club KC batting - Pitching for Chicago Hawks : RHP Benny York
Batting: RHB Rick Atkinson 0-0: Ball
1-0: Called Strike
1-1: Called Strike
1-2: SOLO HOME RUN (Flyball, 78XD), Distance : 384 ft
Batting: LHB Lawrence Washington 0-0: Called Strike
0-1: Ball
1-1: Ball
2-1: Ball
3-1: Foul Ball, location: 2F
3-2: Foul Ball, location: 2F
3-2: SINGLE (Groundball, 56)
Batting: RHB Bill Dennis 0-0: Ball
1-0: Ball
2-0: Sac Bunt - play at first, batter OUT! U3
Lawrence Washington to second
Batting: RHB Jorge Trevino 0-0: Foul Ball, location: 2F
0-1: Ball
1-1: Foul Ball, location: 2F
1-2: Strikes out swinging
Batting: SHB David Henderson 0-0: Ball
1-0: Ball
2-0: Foul Ball, location: 2F
2-1: Swinging Strike
2-2: SINGLE (Groundball, 4MD)
Lawrence Washington to third
Runner from 3rd tries for Home, SAFE, no throw or cutoff
Batting: LHB Emílio Sáenz 0-0: Ground out U3 (Groundball, 3L)
Top of the 7th over - 2 run(s), 3 hit(s), 0 error(s), 1 left on base; Athletic Club KC 5 - Chicago 1
BOTTOM OF THE 7TH
Chicago Hawks batting - Pitching for Athletic Club KC : RHP Billy Crawford
Batting: RHB Ramón Gómez 0-0: Ball
1-0: Ball
2-0: DOUBLE (Flyball, 8LXD)
Batting: LHB Carl Gore 0-0: Ball
1-0: Ball
2-0: Ball
3-0: Called Strike
3-1: Called Strike
3-2: Foul Ball, location: 2F
3-2: Ground out 4-3 (Groundball, 4)
Ramón Gómez to third
Batting: LHB Bill Griffin 0-0: Called Strike
0-1: Ground out 3-1 (Groundball, 34)
Ramón Gómez scores
Batting: RHB Ed Whitaker 0-0: Ground out 5-3 (Groundball, 5S)
Bottom of the 7th over - 1 run(s), 1 hit(s), 0 error(s), 0 left on base; Athletic Club KC 5 - Chicago 2
TOP OF THE 8TH
Athletic Club KC batting - Pitching for Chicago Hawks : RHP Benny York
Batting: RHB José Rodríguez 0-0: Ground out 6-3 (Groundball, 6)
Batting: LHB Bob Davis 0-0: Ball
1-0: Ball
2-0: Ball
3-0: Called Strike
3-1: SOLO HOME RUN (Flyball, 9D), Distance : 366 ft
Pitching: RHP Brent Riley
Batting: RHB Ramón Souza 0-0: Called Strike
0-1: Foul Ball, location: 2F
0-2: Strikes out swinging
Batting: RHB Rick Atkinson 0-0: Ball
1-0: Called Strike
1-1: Ground out 6-3 (Groundball, 6)
Top of the 8th over - 1 run(s), 1 hit(s), 0 error(s), 0 left on base; Athletic Club KC 6 - Chicago 2
BOTTOM OF THE 8TH
Chicago Hawks batting - Pitching for Athletic Club KC : RHP Billy Crawford
Batting: RHB Mitch Jensen 0-0: Called Strike
0-1: Foul Ball, location: 2F
0-2: Foul Ball, location: 2F
0-2: Ball
1-2: Ball
2-2: Foul Ball, location: 2F
2-2: Ball
3-2: Foul Ball, location: 2F
3-2: Ground out 1-3 (Groundball, 13S)
Batting: RHB José Ramos 0-0: Ball
1-0: Ball
2-0: Ball
3-0: Called Strike
3-1: Ground out 6-3 (Groundball, 56)
Batting: RHB Pedro Longoria 0-0: Ball
1-0: Called Strike
1-1: Ground out 1-3 (Groundball, 13)
Bottom of the 8th over - 0 run(s), 0 hit(s), 0 error(s), 0 left on base; Athletic Club KC 6 - Chicago 2
TOP OF THE 9TH
Athletic Club KC batting - Pitching for Chicago Hawks : RHP Brent Riley
Batting: LHB Lawrence Washington 0-0: Fly out, F7 (Popup, 7S)
Batting: RHB Bill Dennis 0-0: Ball
1-0: Ground out 6-3 (Groundball, 6)
Batting: RHB Jorge Trevino 0-0: Ball
1-0: Ground out 4-3 (Groundball, 4M)
Top of the 9th over - 0 run(s), 0 hit(s), 0 error(s), 0 left on base; Athletic Club KC 6 - Chicago 2
BOTTOM OF THE 9TH
Chicago Hawks batting - Pitching for Athletic Club KC : RHP Billy Crawford
Batting: RHB José Lozano 0-0: Swinging Strike
0-1: Foul Ball, location: 2F
0-2: Ball
1-2: Ground out 4-3 (Groundball, 4)
Batting: LHB Mal Wadley 0-0: Ball
1-0: Ball
2-0: Fly out, F3 (Popup, 34)
Batting: RHB Ramón Gómez 0-0: SINGLE (Line Drive, 8LS)
Pitching: RHP Joong-geun Kim
Batting: LHB Carl Gore 0-0: Foul Ball, location: 2F
0-1: Swinging Strike
0-2: Strikes out swinging
Bottom of the 9th over - 0 run(s), 1 hit(s), 0 error(s), 1 left on base; Athletic Club KC 6 - Chicago 2
This league is powered by Out of the Park Baseball, the baseball management simulation game for PC, Mac and Linux
Friday, January 22nd, 2016 - OOTP Baseball 16.9 Build 39